 Dungeon Crawl Stone Soup version 0.28.0-43-g3370ac3207 (webtiles) character file.

Game seed: 15923054644120116805

16826 DearestLeader the Basher (level 12, -9/106 HPs)
             Began as a Minotaur Fighter on Mar 21, 2022.
             Was a High Priest of Okawaru.
             Mangled by a sixfirhy (12 damage)
             ... in a Gauntlet.
             The game lasted 00:18:38 (10311 turns).

DearestLeader the Basher (Minotaur Fighter)        Turns: 10311, Time: 00:18:38

Health: -9/106     AC: 20    Str: 28    XL:     12   Next: 13%
Magic:  15/15      EV:  9    Int:  7    God:    Okawaru [*****.]
Gold:   524        SH:  4    Dex: 11    Spells: 11/11 levels left

rFire   + . .      SeeInvis .   K - +9 war axe of Truncation {holy, Str+2}
rCold   . . .      Faith    .   c - +0 buckler
rNeg    + + .      Spirit   .   N - +3 plate armour "Nirept" {rN+ Str+3}
rPois   .          Reflect  .   (helmet restricted)
rElec   .          Harm     .   y - +0 cloak
rCorr   .          Rampage  .   j - +0 pair of gloves
Will    ++++.      Clarity  +   (no boots)
Stlth   .......... NoTele   +   b - amulet of the Four Winds {rN+ Will+++ Clar}
HPRegen 0.27/turn               h - ring of protection from fire
MPRegen 0.14/turn               L - ring of willpower

@: no status effects
A: horns 2, retaliatory headbutt
a: Renounce Religion, Heroism, Finesse, Duel


You were in a Gauntlet.
You worshipped Okawaru.
Okawaru was extremely pleased with you.
You visited 3 branches of the dungeon, and saw 12 of its levels.
You also visited: Gauntlet.

You collected 524 gold pieces.

Inventory:

Hand Weapons
 u - the +10 mace "Hekimnar" {drain, *Noise rElec Str+6 SInv}
   (You found it on level 3 of the Dungeon)

   A truly terrible weapon, it drains the life of any living foe it strikes.
   Str:       It affects your strength (+6).
   rElec:     It insulates you from electricity.
   SInv:      It lets you see invisible.
   *Noise:    It may make noises in combat.
 x - a +1 hunting sling of flaming
 E - a +0 broad axe
 K - the +9 war axe of Truncation (weapon) {holy, Str+2}
   (You took it off a gnoll shaman on level 7 of the Dungeon)

   It has been blessed by the Shining One to cause great damage to the undead
   and demons.
   Str:       It affects your strength (+2).
 M - a +3 battleaxe of freezing
Missiles
 n - 6 javelins (quivered)
 p - 2 throwing nets
Armour
 a - a +0 kite shield
 c - a +0 buckler (worn)
 j - a +0 pair of gloves (worn)
 y - a +0 cloak (worn)
 N - the +3 plate armour "Nirept" (worn) {rN+ Str+3}
   (You found it on level 7 of the Dungeon)

   Str:       It affects your strength (+3).
   rN:        It protects you from negative energy.
Jewellery
 b - the amulet of the Four Winds (around neck) {rN+ Will+++ Clar}
   (You took it off an orc on level 7 of the Dungeon)

   [amulet of nothing]

   rN:        It protects you from negative energy.
   Clar:      It protects you against confusion.
   Will:      It greatly increases your willpower.
 h - a ring of protection from fire (left hand)
 B - a +6 ring of dexterity
 F - the dreamshard necklace {*Dream Drain}
   (You found it on level 6 of the Dungeon)

   [amulet of nothing]

   It shatters if its wearer takes lethal or near-lethal damage, preventing the
   blow and releasing protective dreams that heal and fight for the wearer.
   Drain:     It drains your maximum health when unequipped.
 J - a ring of magical power
 L - a ring of willpower (right hand)
 Q - a +6 ring of intelligence
 R - an amulet of magic regeneration
Wands
 r - a wand of flame (66)
Scrolls
 f - a scroll of identify
 g - 2 scrolls of enchant armour
 i - 3 scrolls of vulnerability
 k - 2 scrolls of blinking {unknown}
 l - 3 scrolls of magic mapping
 o - 3 scrolls of immolation {unknown}
 s - 2 scrolls of amnesia {unknown}
 t - 2 scrolls of noise {unknown}
 w - 4 scrolls of teleportation {unknown}
 z - 2 scrolls of enchant weapon {unknown}
 G - a scroll of summoning {unknown}
Potions
 d - 2 potions of might
 e - 2 potions of cancellation
 m - a potion of curing
 q - 2 potions of brilliance
 v - a potion of heal wounds {unknown}
 A - 2 potions of haste
 C - 2 potions of berserk rage {unknown}
 D - a potion of attraction {unknown}
 H - a potion of lignification {unknown}
 I - a potion of invisibility {unknown}
 O - a potion of resistance {unknown}
 P - a potion of flight {unknown}
Miscellaneous
 S - a phial of floods


   Skills:
 - Level 10.0 Fighting
 * Level 11.0(13.8) Axes
 - Level 13.6(15.2) Maces & Flails
 + Level 9.9 Armour
 - Level 6.0 Dodging
 - Level 4.0 Shields
 + Level 6.0 Invocations


You had 11 spell levels left.
You didn't know any spells.
Your spell library contained the following spells:

 Spells                   Type           Power      Damage    Failure   Level
 Freeze                   Ice            0%         1d3       99%         1
 Magic Dart               Conj           0%         1d3       99%         1
 Corpse Rot               Necr/Air       0%         N/A       100%        2
 Searing Ray              Conj           0%         2d4       100%        2
 Sublimation of Blood     Necr           0%         N/A       100%        2
 Wereblood                Tmut           0%         N/A       100%        2
 Frozen Ramparts          Ice            0%         1d2       100%        3
 Ozocubu's Armour         Ice            0%         N/A       100%        3
 Airstrike                Air            0%         N/A       100%        4
 Fulminant Prism          Conj/Hex       0%         3d6       100%        4
 Hailstorm                Conj/Ice       0%         3d3       100%        4
 Ice Form                 Ice/Tmut       0%         N/A       100%        4
 Summon Hydra             Summ           Unusable   N/A       N/A         7

Dungeon Overview and Level Annotations

Branches:
Dungeon (10/15)            Temple (1/1) D:6            Lair (1/6) D:10
    Orc (0/2) D:10        Gauntlet (1/1)

Altars:
Cheibriados
Dithmenos
Fedhas
Kikubaaqudgha
Makhleb
Nemelex Xobeh
Okawaru
Trog
Xom

Annotations:
D:3 2 runed translucent doors, Ablot's ghost, amateur GnWr
D:10 2 transporters, Calamarain's ghost, journeyman MiMo Gauntlet 12 transporters


Innate Abilities, Weirdness & Mutations

You have a pair of horns on your head.
You reflexively headbutt those who attack you in melee.


Message History

You headbutt the sixfirhy!
You kill the sixfirhy!
Okawaru is honoured by your kill.
You miss the sixfirhy. Your headbutt misses the sixfirhy.
The sixfirhy is moderately wounded.
The sixfirhy misses you. You furiously retaliate!
You headbutt the sixfirhy. The sixfirhy hits you. The sixfirhy shocks you!
The sixfirhy hits you but does no damage.
You slice the sixfirhy!!
The sixfirhy convulses!!
You kill the sixfirhy!
Okawaru accepts your kill.
Your base Axes skill increases to level 11!
Your Invocations skill increases to level 6!
The sixfirhy hits you. The sixfirhy shocks you!
You closely miss the sixfirhy. You block the sixfirhy's attack.
The sixfirhy hits you.
* * * LOW HITPOINT WARNING * * *
The sixfirhy shocks you!
* * * LOW HITPOINT WARNING * * *
The sixfirhy hits you but does no damage.
You slash the sixfirhy!
The sixfirhy convulses!
The sixfirhy is heavily wounded.
You feel better.
You closely miss the sixfirhy.
The sixfirhy is heavily wounded.
The sixfirhy hits you.
* * * LOW HITPOINT WARNING * * *
The sixfirhy shocks you!
* * * LOW HITPOINT WARNING * * *
The sixfirhy hits you but does no damage.
You feel better.
The sixfirhy hits you but does no damage.
The sixfirhy hits you.
* * * LOW HITPOINT WARNING * * *
The sixfirhy shocks you!
* * * LOW HITPOINT WARNING * * *
The sixfirhy hits you.
* * * LOW HITPOINT WARNING * * *
The sixfirhy shocks you!
You die...

###########################.#..
.........©.........©#≈≈8§≈#.#..
############################.###
.....©#≈§≈≈8≈≈≈§#©...........©...
#################################
#..#Z##ZZ##.#......#3.#.#hh......
###..#.####.#.....#...#.#bh......
##.#..##..#.##...3#...#.#b#######
#.#..#....#.#.##@#....#.##.#.#.#.
##.###©.###.#...###...#.#h...©...
#...####..#.#....#.##.#.#.#.#.#.#
##.####..##.#...#....##.#.#######
#..#..#[#Z#.#...#.....#.#.......h
##..$©$#.##.#?.#.©[..?#.#..=:©).h
###########.###########.#########
.................................
..........≈§≈....................


You could see a sixfirhy and a harpy simulacrum.

Vanquished Creatures
  2 hydras
  A two-headed ogre (D:9)
  2 sixfirhies (Gauntlet)
  Pikel (D:5)
  An obsidian statue (D:8)
  A deep elf pyromancer (D:7)
  A manticore (D:7)
  The ghost of Elsvaer the Magician, a novice DECj of Vehumet (D:7)
  A smoke demon (Gauntlet)
  A cane toad (Lair:1)
  A gargoyle (D:7)
  2 kobold demonologists (D:9)
  An unseen horror (D:10)
  2 trolls (D:9)
  3 hornets
  4 flying skulls (Gauntlet)
  3 wyverns (D:10)
  20 yaks
  2 vampire mosquitoes (D:10)
  3 water moccasins
  A hornet zombie (D:7)
  A necrophage (D:7)
  2 ice beasts
  3 black bears
  7 centaurs
  3 sky beasts
  An ogre (D:7)
  3 wolves (D:10)
  A lemure (D:5)
  2 phantoms
  A kobold brigand (D:10)
  2 bullfrogs
  A gnoll sergeant (D:5)
  4 scorpions
  A wyvern zombie (D:7)
  A wyvern skeleton (D:6)
  A water moccasin skeleton (D:6)
  6 killer bees (D:9)
  20 wights
  4 howler monkeys
  4 crimson imps (Gauntlet)
  A centaur zombie (D:8)
  2 hounds (D:5)
  A bullfrog skeleton (D:5)
  An orc priest (D:5)
  A gnoll shaman (D:7)
  Crazy Yiuf (D:7)
  3 jellies
  3 iguanas
  Ijyb (D:3)
  3 orc wizards
  A killer bee zombie (D:9)
  A hound zombie (D:3)
  Robin (D:4)
  9 adders
  A gnoll (D:7)
  A howler monkey skeleton (D:6)
  A white imp (D:7)
  An ufetubus (D:7)
  2 adder skeletons (D:4)
  2 worms
  A dart slug (D:1)
  15 orcs
  8 endoplasms
  3 giant cockroaches
  11 goblins
  6 hobgoblins
  9 kobolds
  A quokka (D:3)
  8 ball pythons
  4 bats
  5 frilled lizards
  5 rats
235 creatures vanquished.

Vanquished Creatures (others)
  2 plants
  4 withered plants (Gauntlet)
6 creatures vanquished.

Grand Total: 241 creatures vanquished

Notes
Turn   | Place    | Note
-------+----------+-------------------------------------------
     0 | D:1      | DearestLeader the Minotaur Fighter began the quest for the
                  | Orb.
     0 | D:1      | Reached XP level 1. HP: 19/19 MP: 0/0
   130 | D:1      | Reached XP level 2. HP: 25/27 MP: 1/1
   495 | D:1      | Found a faded altar of an unknown god.
   750 | D:1      | Reached skill level 1 in Dodging
   814 | D:2      | Reached XP level 3. HP: 33/33 MP: 2/2
  1367 | D:3      | Reached XP level 4. HP: 40/40 MP: 3/3
  1736 | D:3      | Noticed Ijyb
  1745 | D:3      | Killed Ijyb
  1972 | D:3      | Reached XP level 5. HP: 40/47 MP: 4/4
  2041 | D:3      | Found a large runed translucent door.
  2041 | D:3      | Found a large runed translucent door.
  2045 | D:3      | Noticed Ablot's ghost (amateur GnWr)
  2427 | D:3      | Identified the +10 mace "Hekimnar" {drain, *Noise rElec
                  | Str+6 SInv}
  2528 | D:4      | Reached skill level 1 in Maces & Flails
  2669 | D:4      | Noticed a black bear
  2669 | D:4      | Noticed a yak
  2670 | D:4      | Noticed a yak
  2680 | D:4      | Noticed a yak
  2680 | D:4      | Noticed a yak
  2702 | D:3      | Killed a yak
  2703 | D:3      | Reached skill level 5 in Fighting
  2703 | D:3      | Reached skill level 4 in Maces & Flails
  2703 | D:3      | Reached XP level 6. HP: 24/56 MP: 5/5
  2957 | D:5      | Entered Level 5 of the Dungeon
  2965 | D:5      | Noticed Pikel
  2977 | D:5      | Killed Pikel
  2978 | D:5      | Reached skill level 8 in Maces & Flails
  2978 | D:5      | Reached XP level 7. HP: 44/61 MP: 6/6
  3118 | D:5      | Reached skill level 9 in Maces & Flails
  3170 | D:5      | Reached XP level 8. HP: 68/68 MP: 7/7
  3324 | D:5      | Reached skill level 10 in Maces & Flails
  3336 | D:5      | Reached skill level 11 in Maces & Flails
  3605 | D:5      | Found a blossoming altar of Fedhas.
  3721 | D:5      | Reached skill level 12 in Maces & Flails
  3802 | D:5      | Found a shadowy altar of Dithmenos.
  4047 | D:4      | Reached XP level 9. HP: 69/74 MP: 8/8
  4205 | D:4      | Noticed Robin
  4219 | D:4      | Killed Robin
  4309 | D:4      | Identified the +0 robe of Dowdy Tender Moments {Int+5}
  4492 | D:6      | Reached skill level 13 in Maces & Flails
  4552 | D:6      | Found the dreamshard necklace {*Dream Drain}
  4577 | D:6      | Found a staircase to the Ecumenical Temple.
  4652 | Temple   | Entered the Ecumenical Temple
  4659 | Temple   | Became a worshipper of Warmaster Okawaru
  5564 | D:7      | Reached * piety under Okawaru
  5686 | D:7      | Identified the +9 war axe of Truncation {holy, Str+2}
  5691 | D:7      | Noticed a gargoyle
  5697 | D:7      | Killed a gargoyle
  5698 | D:7      | Reached XP level 10. HP: 34/93 MP: 9/9
  5951 | D:7      | Reached skill level 10 in Fighting
  6031 | D:7      | Found a sparkling altar of Nemelex Xobeh.
  6034 | D:7      | Found an ancient bone altar of Kikubaaqudgha.
  6037 | D:7      | Found a snail-covered altar of Cheibriados.
  6040 | D:7      | Found a bloodstained altar of Trog.
  6063 | D:7      | Noticed a deep elf pyromancer
  6069 | D:7      | Killed a deep elf pyromancer
  6069 | D:7      | Reached ** piety under Okawaru
  6070 | D:7      | Reached skill level 1 in Invocations
  6108 | D:7      | Noticed a manticore
  6113 | D:7      | Killed a manticore
  6114 | D:7      | Reached skill level 5 in Axes
  6114 | D:7      | Identified the +7 long sword of Prudence {freeze, rElec
                  | Str+7}
  6227 | D:7      | Got the Tome of Flying Snow
  6345 | D:7      | Reached skill level 5 in Armour
  6547 | D:7      | Found a runed translucent door.
  6548 | D:7      | Noticed Elsvaer's ghost (novice DECj)
  6555 | D:7      | Killed Elsvaer's ghost
  6561 | D:7      | Identified the +3 plate armour "Nirept" {rN+ Str+3}
  6605 | D:7      | Found a runed translucent door.
  6606 | D:7      | Noticed Crazy Yiuf
  6835 | D:7      | Killed Crazy Yiuf
  7281 | D:8      | Reached *** piety under Okawaru
  7423 | D:8      | Found a shimmering altar of Xom.
  7424 | D:8      | Found a shimmering altar of Xom.
  7424 | D:8      | Found a shimmering altar of Xom.
  7459 | D:8      | Noticed an obsidian statue
  7466 | D:8      | Noticed a rust devil
  7497 | D:8      | Killed an obsidian statue
  7910 | D:8      | Found a shimmering altar of Xom.
  7910 | D:8      | Found a shimmering altar of Xom.
  7910 | D:8      | Noticed a guardian serpent
  7912 | D:8      | a guardian serpent changed into a yaktaur
  8238 | D:9      | Reached **** piety under Okawaru
  8247 | D:9      | Noticed a two-headed ogre
  8248 | D:9      | Reached XP level 11. HP: 91/99 MP: 12/12
  8284 | D:9      | Killed a two-headed ogre
  8284 | D:9      | Reached ***** piety under Okawaru
  8285 | D:9      | Reached skill level 5 in Dodging
  8631 | D:9      | Noticed a sun demon
  8657 | D:9      | Received a gift from Okawaru
  8923 | D:10     | Entered Level 10 of the Dungeon
  8924 | D:10     | Found a staircase to the Lair.
  8924 | D:10     | Noticed a seven-headed hydra
  8940 | D:10     | Killed a seven-headed hydra
  8982 | D:10     | Reached skill level 5 in Invocations
  9093 | D:10     | Found a transporter.
  9099 | D:10     | Noticed Calamarain's ghost (journeyman MiMo)
  9145 | D:10     | Received a gift from Okawaru
  9201 | D:10     | Found a transporter.
  9268 | D:10     | Found a staircase to the Orcish Mines.
  9486 | Lair:1   | Entered Level 1 of the Lair of Beasts
  9496 | Lair:1   | Reached skill level 10 in Axes
  9503 | Lair:1   | Found a gate leading to a gauntlet.
  9513 | Lair:1   | Noticed a seven-headed hydra
  9520 | Lair:1   | Killed a seven-headed hydra
  9530 | Gauntlet | Entered a Gauntlet
  9530 | Gauntlet | Found a transporter.
  9745 | Gauntlet | Found a transporter.
  9753 | Gauntlet | Found the macabre finger necklace {rN+}
  9760 | Gauntlet | Found a transporter.
  9765 | Gauntlet | Found a transporter.
  9782 | Gauntlet | Found a transporter.
  9800 | Gauntlet | Found a transporter.
  9801 | Gauntlet | Noticed a reaper
  9812 | Gauntlet | Found a transporter.
  9833 | Gauntlet | Noticed a sixfirhy
  9834 | Gauntlet | Found a transporter.
  9836 | Gauntlet | Noticed a sixfirhy
  9837 | Gauntlet | Noticed a sixfirhy
  9845 | Gauntlet | Noticed a hell hog
  9846 | Gauntlet | Found a transporter.
  9855 | Gauntlet | Found a transporter.
  9877 | Gauntlet | Found a transporter.
  9892 | Gauntlet | Found a transporter.
  9894 | Gauntlet | Found a transporter.
  9919 | Gauntlet | Found a transporter.
  9921 | Gauntlet | Found a transporter.
 10021 | Gauntlet | Found a transporter.
 10041 | Gauntlet | Found a transporter.
 10171 | Gauntlet | Reached XP level 12. HP: 89/106 MP: 15/15
 10311 | Gauntlet | HP: 4/106 [sixfirhy (10)]
 10311 | Gauntlet | Mangled by a sixfirhy

Illustrated notes

Levels and vault maps discovered:
D:1:      zelgadis_glass_arrival_small, layout_basic,
          ebering_ecumenical_altar_rust
D:2:      layout_rooms, st_stairs_14
D:3:      layout_basic, ebering_ghost_disaster_area, saegor_snake_ambush,
          uniq_ijyb
D:4:      layout_rooms, uniq_robin
D:5:      layout_loops_ring, mainiacjoe_overflow_catwalk,
          mainiacjoe_overflow_alcove_2, kennysheep_generic_room_11, uniq_pikel
D:6:      layout_basic, minmay_temple_entry_ruins,
          minmay_misc_feat_secret_circle
D:7:      minmay_the_grid_square_5x5_3x3 [minmay_the_grid_square_5x5_three,
          minmay_the_grid_square_5x5_minimal,
          minmay_the_grid_square_5x5_tetrominoes,
          minmay_the_grid_square_5x5_bridge,
          minmay_the_grid_square_5x5_megaprize_diamond,
          minmay_the_grid_square_5x5_forky,
          minmay_the_grid_square_5x5_bracketed,
          minmay_the_grid_square_5x5_inset, minmay_the_grid_square_5x5_percent],
          layout_basic, grunt_temple_overflow_cloverleaf,
          ebering_ghost_reflecting_pool, grunt_decor_junction,
          uniq_crazy_yiuf_cottage
D:8:      minmay_statue_hallways, layout_basic, xom_shifter_show
D:9:      layout_roguey, minmay_between
D:10:     layout_rooms, minmay_lair_entry_grove, orc_0_dummy,
          gammafunk_ghost_stat_death
Temple:   regret_index_temple_waves
Lair:1:   layout_layer_cave, gauntlet_entry_generic, ebering_ghost_rock_garden,
          dreamdust_deal_with_the_devil, lemuel_fruit_tree
Gauntlet: gammafunk_gauntlet_one_two_three [gammafunk_gauntlet_arena_corners,
          gammafunk_gauntlet_arena_crates, nicolae_gauntlet_arena_grate_2,
          nicolae_gauntlet_arena_blocks, gammafunk_gauntlet_arena_chambers,
          gammafunk_gauntlet_arena_mazey, nicolae_gauntlet_swirl,
          gammafunk_gauntlet_arena_teeth, gammafunk_gauntlet_arena_spirals,
          dreamdust_gauntlet_exit_labyrinth]

Skill      XL: |  1  2  3  4  5  6  7  8  9 10 11 12 |
---------------+-------------------------------------+-----
Axes           | 3 4 7 10 11 | 11.0
Shields        | 4 |  4.0
Dodging        | 1 2 4 6 |  6.0
Fighting       | 4 5 9 10 | 10.0
Armour         | 4 6 9 |  9.9
Maces & Flails | 4 8 9 12 13 | 13.6
Invocations    | 3 5 6 |  6.0

Action                   |  1- 3 |  4- 6 |  7- 9 | 10-12 || total
-------------------------+-------+-------+-------+-------++-------
Melee: War axe           |    99 |    34 |       |    27 ||   160
       Headbutt          |    15 |     7 |    32 |    62 ||   116
       Mace              |       |    25 |   152 |   267 ||   444
  Use: Scroll            |       |       |     7 |     1 ||     8
       Potion            |       |       |       |     2 ||     2
Armor: Scale mail        |    57 |    19 |    31 |       ||   107
       Plate armour      |       |       |       |    98 ||    98
       Ring mail         |       |       |       |     9 ||     9
Dodge: Dodged            |    42 |    26 |    47 |    99 ||   214
Block: Buckler           |    34 |     8 |    18 |    62 ||   122
